 Dungeon Crawl Stone Soup version 0.17-a0-1802-g9847487 (webtiles) character file.

7840 Gargoyl the Fighter (level 11, -7/90 HPs)
             Began as a Demonspawn Abyssal Knight on Sept 10, 2015.
             Was a High Priest of Lugonu.
             Mangled by Rupert
             ... wielding a +2 battleaxe of venom
              (10 damage)
             ... on level 2 of the Orcish Mines on Sept 11, 2015.
             The game lasted 00:35:04 (9662 turns).

Gargoyl the Fighter (Demonspawn Abyssal Knight)     Turns: 9662, Time: 00:35:04

Health: -7/90      AC: 18    Str: 15    XL:     11   Next: 2%
Magic:  0/14       EV:  5    Int: 14    God:    Lugonu [*****.]
Gold:   632        SH:  9    Dex: 13    Spells: 0 memorised, 10 levels left

rFire  . . .     SeeInvis .     k - +6 war axe (distort)
rCold  . . .     Clarity  .     e - +0 plate armour
rNeg   . . .     SustAt   .     q - +0 shield
rPois  .         Gourm    .     (helmet restricted)
rElec  .         Spirit   .     (no cloak)
rCorr  .         Warding  .     n - +1 pair of gloves
rMut   .         Stasis   .     (no boots)
MR     .....                    b - amulet of regeneration
Stlth  ..........               (no ring)
                                (no ring)

@: not resistant to hostile enchantments, extremely unstealthy
A: horns 1, rugged brown scales 2, spiny 2
a: Depart the Abyss, Bend Space, Banish, Corrupt, Enter the Abyss, Renounce
Religion


You were on level 2 of the Orcish Mines.
You worshipped Lugonu.
Lugonu was extremely pleased with you.
You were hungry.

You visited 2 branches of the dungeon, and saw 12 of its levels.
You visited the Abyss 1 time.
You also visited: Ossuary.

You collected 813 gold pieces.
You spent 181 gold pieces at shops.

Inventory:

Hand weapons
 k - a +6 war axe of distortion (weapon)
 J - a +1 flail of protection
Missiles
 K - 15 tomahawks (quivered)
Armour
 e - a +0 plate armour (worn)
 g - a +0 helmet
 n - a +1 pair of gloves (worn)
 q - a +0 shield (worn)
Rods
 F - a -1 rod of inaccuracy (12/12)
   (You found it on level 8 of the Dungeon)
Jewellery
 b - an amulet of regeneration (around neck)
 x - a cursed ring of loudness {unknown}
Magical devices
 a - a wand of confusion (28)
 v - a wand of random effects (7)
 w - a wand of draining (4)
Scrolls
 c - 5 scrolls of identify
 d - a scroll of fear
 i - 4 scrolls of remove curse
 l - a scroll of recharging
 A - a scroll of holy word {unknown}
 D - a scroll of amnesia {unknown}
 E - a scroll of vulnerability {unknown}
 I - a scroll of enchant armour {unknown}
Potions
 f - a potion of brilliance {unknown}
 h - 2 potions of mutation {unknown}
 o - a potion of might {unknown}
 s - a potion of invisibility {unknown}
 C - a potion of resistance {unknown}
 G - 2 potions of agility {unknown}
Books
 j - a book of Maledictions

   Spells                             Type                      Level
   a - Corona                         Hexes                        1
   b - Ensorcelled Hibernation        Hexes/Ice                    2
   c - Confuse                        Hexes                        3
   d - Tukima's Dance                 Hexes                        3
   e - Dazzling Spray                 Conjuration/Hexes            3
 r - a book of the Sky

   Spells                             Type                      Level
   a - Summon Lightning Spire         Summoning/Air                4
   b - Airstrike                      Air                          4
   c - Silence                        Hexes/Air                    5
   d - Deflect Missiles               Charms/Air                   6
   e - Conjure Ball Lightning         Conjuration/Air              6
   f - Tornado                        Air                          9
 y - a book of Conjurations

   Spells                             Type                      Level
   a - Magic Dart                     Conjuration                  1
   b - Searing Ray                    Conjuration                  2
   c - Dazzling Spray                 Conjuration/Hexes            3
   d - Fulminant Prism                Conjuration/Hexes            4
   e - Iskenderun's Mystic Blast      Conjuration                  4
   f - Iskenderun's Battlesphere      Conjuration/Charms           5
Comestibles
 m - a beef jerky
 p - a meat ration
 t - 4 bread rations
 H - 2 slices of pizza


   Skills:
 + Level 8.2 Fighting
 + Level 8.0 Axes
 + Level 0.1 Throwing
 + Level 8.0 Armour
 + Level 6.5 Dodging
 + Level 1.0 Stealth
 + Level 4.6 Shields
 + Level 4.4 Invocations


You had 10 spell levels left.
You didn't know any spells.

Dungeon Overview and Level Annotations

Branches:
Dungeon (9/15)             Temple (0/1) D:7            Lair (0/8) D:8
    Orc (3/4) D:9             Elf (0/3) Orc:3

Altars:
Cheibriados
Dithmenos
Fedhas
Gozag
Makhleb
Nemelex Xobeh
Qazlal
Ru
Trog
Xom
Beogh
Lugonu

Shops:
D:6 *   D:8 !

Annotations:
Orc:2 Rupert
Abyss:1 Menkaure


Innate Abilities, Weirdness & Mutations

You have a pair of small horns on your head.
You are mostly covered in rugged brown scales (AC +2, +5% HP).
You are mostly covered in sharp spines.


Message History

Press: ? - help, Shift-Dir - straight line, f - Rupert
Aim: Rupert, wielding a battleaxe of venom and wearing a leather armour (lightly wounded, berserk, fast, unusually strong, chance to defeat MR: 11%) Rupert resists with almost no effort.
You feel somewhat more hungry. Rupert is struck by your spines.
Rupert hits you with a battleaxe of venom!
* * * LOW HITPOINT WARNING * * *
Use which ability?
Press: ? - help, Shift-Dir - straight line, f/p - Rupert
Aim: Rupert, wielding a battleaxe of venom and wearing a leather armour (lightly wounded, berserk, fast, unusually strong, chance to defeat MR: 11%) Rupert resists with almost no effort.
You feel somewhat more hungry.
You are feeling hungry.
You block Rupert's attack.
Unknown command.
Use which ability?
Press: ? - help, Shift-Dir - straight line, f/p - Rupert
Aim: Rupert, wielding a battleaxe of venom and wearing a leather armour (lightly wounded, berserk, fast, unusually strong, chance to defeat MR: 11%) Rupert resists with almost no effort.
You feel somewhat more hungry. Rupert is struck by your spines.
Rupert hits you with a battleaxe of venom!
You die...

........))[....#..
#.#..#..)(##......
...##..((>.....#.
...#....).#.....#
...............#..
.#.#...#..........
##............<.#
##...@.#........
#...@.##.###$..
#..#<## ..# ###
#...#.# .##
##..... ##.#.##
#####


You could see Rupert (berserk).

Vanquished Creatures
  Pikel (D:4)
  A manticore (D:9)
  A cyclops (Orc:2)
  Joseph (D:7)
  A hippogriff (D:7)
  A human (D:8)
  2 wargs (Orc:1)
  7 orc warriors
  3 sky beasts
  A phantom (D:7)
  An ice beast (D:5)
  7 necrophages
  A wasp (D:8)
  8 ogres
  6 centaurs
  3 slaves (D:4)
  A big kobold (D:7)
  2 giant frogs
  A gnoll sergeant (D:9)
  2 scorpions
  An electric eel (D:9)
  A quasit (D:8)
  3 centaur zombies (Ossuary)
  2 crimson imps
  2 centaur skeletons
  A giant frog zombie (D:9)
  A jelly (D:8)
  4 hounds
  15 orc priests
  4 giant frog skeletons
  2 iguanas
  7 worker ants
  16 orc wizards
  2 big kobold zombies (Ossuary)
  4 mummies (Ossuary)
  4 gnolls (D:9)
  2 shadow imps
  16 adders
  4 oozes
  A worm zombie (D:7)
  3 adder zombies (D:5)
  4 worms
  10 giant geckos
  92 orcs
  15 bats
  4 giant cockroaches
  4 hobgoblins
  10 kobolds
  A giant gecko skeleton (D:8)
  4 giant newts
  4 goblins
  2 hobgoblin zombies (Ossuary)
  9 jackals
  A kobold zombie (D:7)
  5 quokkas
  A quokka skeleton (D:5)
  11 rats
  A bush (D:8)
  A fungus (D:8)
325 creatures vanquished.

Vanquished Creatures (others)
  2 orc warriors
  An orc priest (Orc:1)
  An orc (Orc:2)
  A bush (D:8)
  A fungus (D:8)
  5 plants (D:8)
11 creatures vanquished.

Grand Total: 336 creatures vanquished

Notes
Turn   | Place    | Note
--------------------------------------------------------------
     0 | Abyss:1  | Gargoyl the Demonspawn Abyssal Knight began the quest for the Orb.
     0 | Abyss:1  | Reached XP level 1. HP: 18/18 MP: 2/2
    55 | Abyss:1  | Noticed a starcursed mass
    59 | D:1      | Escaped the Abyss
   223 | D:1      | Acquired Lugonu's first power
   237 | D:1      | Reached skill level 1 in Dodging
   237 | D:1      | Gained mutation: You are partially covered in sharp spines. [demonic ancestry]
   237 | D:1      | Reached XP level 2. HP: 1/24 MP: 3/3
   881 | D:1      | Reached XP level 3. HP: 27/29 MP: 5/5
  1275 | D:2      | Found a shadowy altar of Dithmenos.
  1291 | D:2      | Found a sparkling altar of Nemelex Xobeh.
  1291 | D:2      | Found an opulent altar of Gozag.
  1332 | D:2      | Found a stormy altar of Qazlal.
  1519 | D:2      | Acquired Lugonu's second power
  1520 | D:2      | Gained mutation: You are partially covered in rugged brown scales (AC +1, +3% HP). [demonic ancestry]
  1520 | D:2      | Reached XP level 4. HP: 29/36 MP: 6/6
  1562 | D:2      | Found a burning altar of Makhleb.
  1917 | D:3      | Reached XP level 5. HP: 36/43 MP: 7/7
  1935 | D:3      | Found a bloodstained altar of Trog.
  2166 | D:3      | Found a sacrificial altar of Ru.
  2498 | D:4      | Noticed Pikel
  2498 | D:4      | Noticed a slave
  2499 | D:4      | Noticed a slave
  2499 | D:4      | Noticed a slave
  2502 | D:4      | Noticed a slave
  2524 | D:4      | Killed a slave
  2532 | D:4      | Killed a slave
  2537 | D:4      | Killed a slave
  2549 | D:4      | Killed Pikel
  2549 | D:4      | Reached skill level 4 in Fighting
  2549 | D:4      | Gained mutation: You are mostly covered in sharp spines. [demonic ancestry]
  2549 | D:4      | Reached XP level 6. HP: 17/50 MP: 8/8
  2549 | D:4      | Reached XP level 7. HP: 19/56 MP: 9/9
  2813 | D:4      | Acquired Lugonu's third power
  2910 | D:4      | Reached skill level 5 in Dodging
  3096 | D:4      | Found a bloodstained altar of Trog.
  3349 | D:4      | Noticed Menkaure
  3354 | D:4      | Banished Menkaure
  3721 | D:5      | Entered Level 5 of the Dungeon
  3745 | D:5      | Reached XP level 8. HP: 62/62 MP: 10/10
  3790 | D:4      | Reached skill level 5 in Fighting
  4031 | D:5      | Reached skill level 6 in Dodging
  4196 | D:5      | Reached skill level 5 in Armour
  4763 | D:5      | Reached skill level 5 in Axes
  5040 | D:6      | Gained mutation: You are mostly covered in rugged brown scales (AC +2, +5% HP). [demonic ancestry]
  5040 | D:6      | Reached XP level 9. HP: 63/71 MP: 12/12
  5103 | D:6      | Acquired Lugonu's fourth power
  5138 | D:6      | Found Ihenog's General Store.
  5147 | D:6      | Bought a scroll of enchant weapon for 97 gold pieces
  5531 | D:7      | Reached skill level 1 in Shields
  5575 | D:7      | Found a sand-covered staircase.
  5595 | Ossuary  | Entered an ossuary
  6251 | D:7      | Noticed Joseph
  6264 | D:7      | Killed Joseph
  6546 | D:8      | Found Dymiy's Distillery.
  6554 | D:8      | Bought a potion of curing for 42 gold pieces
  6554 | D:8      | Bought a potion of curing for 42 gold pieces
  6566 | D:8      | Found a shimmering altar of Xom.
  6622 | D:8      | Reached skill level 7 in Fighting
  6668 | D:8      | Found a staircase to the Lair.
  6720 | D:7      | Acquired Lugonu's fifth power
  6760 | D:7      | Found a snail-covered altar of Cheibriados.
  6762 | D:7      | Found a staircase to the Ecumenical Temple.
  6933 | D:8      | Reached XP level 10. HP: 78/81 MP: 13/13
  7165 | D:8      | Found a blossoming altar of Fedhas.
  7264 | D:8      | Reached skill level 1 in Stealth
  7365 | D:9      | Upgraded the game from 0.17-a0-1793-gcbb3aa1 to 0.17-a0-1802-g9847487
  7625 | D:9      | Noticed a manticore
  8023 | D:9      | Killed a manticore
  8375 | D:9      | Found a staircase to the Orcish Mines.
  8621 | Orc:1    | Entered Level 1 of the Orcish Mines
  8670 | Orc:1    | Found a roughly hewn altar of Beogh.
  8927 | Orc:3    | Found a staircase to the Elven Halls.
  8927 | Orc:3    | Noticed a cyclops
  8964 | Orc:2    | Killed a cyclops
  8964 | Orc:2    | Reached skill level 8 in Fighting
  9206 | Orc:3    | Noticed an orc high priest
  9233 | Orc:2    | Noticed Rupert
  9241 | Orc:1    | Noticed an orc knight
  9362 | Orc:1    | Identified an uncursed war axe of distortion (a war axe of flaming corrupted by Lugonu)
  9362 | Orc:1    | Received a gift from Lugonu
  9619 | Orc:2    | Paralysed by Rupert for 4 turns
  9634 | Orc:3    | Gained mutation: You have a pair of small horns on your head. [demonic ancestry]
  9634 | Orc:3    | Reached XP level 11. HP: 80/90 MP: 14/14
  9648 | Orc:3    | HP: 2/90 [sixfirhy[an orc high priest] (8)]
  9658 | Orc:2    | HP: 3/90 [Rupert/battleaxe of venom (29)]
  9660 | Orc:2    | HP: 1/90 [Rupert/battleaxe of venom (13)]
  9662 | Orc:2    | Mangled by Rupert

Vault maps used:
D:1:      dpeg_arrival_round_b
D:2:      makhleb_heckhound_becter, grunt_temple_overflow_opulence,
          lemuel_crystal_altar, lemuel_doored_altar
D:3:      nicolae_ru_great_annihilating_truth, trog_butcher_becter
D:4:      kennysheep_mini_moat, first_bread, uniq_pikel, uniq_menkaure
D:5:      hangedman_decor_diamond_cutter, minmay_misc_feat_x,
          serial_bayou_lagoon_b
D:6:      serial_shops, shop
D:7:      nicolae_overflow_hidden_temple, minmay_temple_entry_large_hall,
          enter_ossuary_3, uniq_joseph
D:8:      fedhas_altar_decomposition, xom_teletrap_fun,
          due_lair_maze_entry_diamond, serial_shops, shop, grunt_pizzeria,
          moated_statue
D:9:      hiddenorc1_lemuel
Orc:1:    david_defended_altar_orc
Orc:2:    serial_shops, nicolae_shop_behind_doors, mines5_lemuel, uniq_rupert,
          uniq_fannar
Orc:3:    nicolae_orc_pool_cavern, nicolae_for_you_no_charge
Abyss:1:  hangedman_cross_veins
Ossuary:  ossuary_the_hunt_dpeg

Action                   |  1- 3 |  4- 6 |  7- 9 | 10-12 || total
-------------------------+-------+-------+-------+-------++-------
Melee: Hand axe          |    56 |   105 |   338 |   305 ||   804
       War axe           |       |       |       |    38 ||    38
Throw: Tomahawk          |       |       |       |     1 ||     1
Invok: Depart the Abyss  |     1 |       |       |       ||     1
       Banish            |       |       |     2 |     4 ||     6
       Bend Space        |       |       |       |     1 ||     1
       Brand Weapon With |       |       |       |     1 ||     1
  Use: Potion            |       |     4 |       |     8 ||    12
       Scroll            |       |       |    10 |     3 ||    13
 Stab: Paralysed         |       |     2 |       |       ||     2
  Eat: Bread ration      |     1 |       |     3 |       ||     4
       Fruit             |       |     1 |       |       ||     1
       Pizza             |       |       |     1 |     7 ||     8
       Meat ration       |       |       |     1 |       ||     1
